Map: Acropolis LE

Players

wing

  • Race: Terran Terran
  • Spawn Location: 5:00

playezvibe - Winner!

  • Race: Zerg Zerg
  • League: Bronze
  • Spawn Location: 11:00

VOD

Have the link to the VOD?

Description

Time

  • Played on: June 2, 2019, 8:45 a.m.
  • Length: 24:35
Show
View Real Time Build Order
Export as new Build Order

wing Terran 

Build Orders:  

Get SALT Encoding   

  12  0:16  SCV  
  13  0:28  SCV  
  14  0:40  SCV  
  15  0:47  Supply Depot  
  15  1:09  SCV  
  15  1:11  Engineering Bay  
  16  1:21  SCV  
  17  1:33  SCV  
  17  1:38  Barracks  
  18  1:43  Command Center  
  18  1:45  SCV  
  19  1:52  Supply Depot  
  19  1:57  SCV  
  20  2:09  SCV  
  21  2:21  SCV  
  22  2:26  Supply Depot  
  22  2:27  Supply Depot  
  22  2:33  Marine  
  22  2:34  SCV  
  24  2:46  SCV  
  24  2:49  Missile Turret  
  24  2:50  Marine  
  26  2:58  SCV  
  27  3:02  Barracks  
  27  3:06  Bunker  
  27  3:08  Marine  
  27  3:09  SCV  
  27  3:10  SCV  
  30  3:21  SCV  
  30  3:22  SCV  
  30  3:26  Refinery, Marine  
  33  3:33  SCV  
  34  3:34  SCV  
  34  3:36  Bunker  
  35  3:44  Marine  
  35  3:45  SCV  
  35  3:46  SCV  
  38  3:53  Refinery  
  38  3:57  SCV  
  38  3:58  SCV  
  38  3:59  Missile Turret  
  38  4:02  Marine  
  42  4:10  SCV x2  
  42  4:15  Refinery  
  42  4:21  Refinery  
  42  4:22  SCV x2  
  26  4:57  SCV  
  27  5:00  SCV  
  28  5:08  Ghost Academy  
  28  5:10  SCV  
  28  5:13  SCV  
  30  5:21  Barracks Tech Lab  
  30  5:22  SCV  
  30  5:24  Marine  
  30  5:25  SCV  
  33  5:34  SCV  
  34  5:36  Bunker  
  34  5:37  SCV  
  34  5:41  Marine  
  36  5:46  SCV  
  36  5:49  SCV  
  38  5:53  Factory  
  38  5:55  Terran Infantry Weapons Level 1  
  38  5:58  SCV  
  38  5:59  Marine  
  38  6:01  SCV  
  41  6:06  Marine  
  41  6:10  SCV  
  43  6:13  SCV  
  43  6:17  Marine  
  45  6:19  Combat Shield  
  45  6:22  SCV  
  45  6:23  Marine  
  45  6:25  SCV  
  48  6:34  SCV  
  48  6:35  Marine  
  48  6:37  SCV  
  51  6:41  Marine  
  51  6:44  Armory  
  51  6:46  SCV  
  53  6:49  SCV  
  54  6:58  SCV  
  54  6:59  Marine  
  56  7:01  SCV  
  57  7:10  SCV  
  57  7:14  SCV  
  59  7:17  Marine  
  59  7:19  Supply Depot  
  60  7:23  SCV  
  60  7:26  SCV  
  62  7:40  SCV x2, Starport, Marine x2  
  62  7:41  Terran Vehicle Weapons Level 1, Supply Depot  
  66  7:49  Hi-Sec Auto Tracking  
  66  7:52  SCV x2  
  66  7:58  Marine x2  
  70  7:59  Concussive Shells  
  70  8:04  SCV x2  
  72  8:09  Supply Depot  
  72  8:15  Marine  
  72  8:16  Marauder, SCV x2  
  77  8:23  Fusion Core  
  77  8:24  Starport Tech Lab  
  77  8:29  SCV  
  77  8:30  SCV  
  77  8:32  Supply Depot  
  79  8:37  Marauder  
  79  8:41  SCV, Marine  
  82  8:43  SCV  
  82  8:47  Terran Infantry Armor Level 1  
  84  8:53  SCV  
  84  8:54  Supply Depot  
  84  8:55  SCV  
  86  8:59  Marauder, Marine  
  89  9:04  Starport  
  89  9:05  SCV  
  89  9:07  SCV  
  91  9:12  Starport  
  91  9:17  SCV, Marine  
  91  9:19  SCV, Supply Depot  
  94  9:29  SCV  
  94  9:31  SCV  
  96  9:34  Marine  
  96  9:35  Terran Vehicle And Ship Armor Level 1  
  97  9:41  SCV  
  97  9:43  SCV  
  99  9:46  Battlecruiser  
  99  9:49  Weapon Refit  
  99  9:51  Starport Tech Lab  
  99  9:52  Marine  
  105  9:53  SCV  
  105  9:55  SCV  
  108  10:02  Starport, Starport Tech Lab  
  108  10:05  SCV  
  109  10:07  SCV  
  109  10:12  Supply Depot  
  110  10:17  Command Center  
  110  10:34  Battlecruiser  
  110  10:35  Supply Depot  
  116  10:40  Terran Infantry Weapons Level 2  
  116  10:51  SCV  
  116  10:56  Battlecruiser  
  123  10:57  Supply Depot  
  123  11:03  SCV  
  124  11:15  SCV  
  124  11:17  Starport Tech Lab  
  125  11:23  Refinery, Battlecruiser  
  131  11:25  Refinery  
  131  11:27  SCV  
  131  11:29  Terran Vehicle Weapons Level 2, Marine  
  133  11:35  SCV  
  133  11:39  SCV  
  135  11:40  Supply Depot  
  135  11:47  SCV, Marine  
  137  11:59  SCV  
  138  12:01  Battlecruiser  
  138  12:04  Supply Depot, Marine  
  138  12:06  Battlecruiser  
  151  12:11  SCV  
  152  12:22  Marine  
  153  12:23  SCV  
  154  12:35  SCV  
  155  12:40  Marine  
  156  12:47  SCV  
  157  12:56  Terran Infantry Armor Level 2  
  157  13:00  SCV, Missile Turret  
  158  13:06  Supply Depot  
  158  13:12  Battlecruiser  
  164  13:21  Missile Turret  
  164  13:28  Supply Depot, Battlecruiser  
  170  13:45  Terran Vehicle And Ship Armor Level 2  
  170  13:46  Supply Depot  
  170  13:50  Battlecruiser  
  170  13:51  Supply Depot  
  176  14:09  Supply Depot  
  176  14:14  Supply Depot  
  176  14:16  Battlecruiser  
  182  14:34  Missile Turret  
  182  14:39  Missile Turret  
  164  15:12  Terran Infantry Weapons Level 3  
  158  15:44  Missile Turret  
  158  15:45  Battlecruiser  
  158  15:47  Battlecruiser  
  158  15:49  Battlecruiser  
  170  15:52  Battlecruiser  
  176  16:01  Terran Ship Weapons Level 1  
  146  16:49  Battlecruiser  
  146  16:51  Battlecruiser  
  146  16:52  Missile Turret  
  146  16:53  Battlecruiser  
  164  16:56  Battlecruiser  
  164  17:00  Missile Turret  
  152  17:49  Neosteel Armor  
  152  17:53  Battlecruiser  
  152  17:55  Battlecruiser  
  152  17:57  Battlecruiser  
  170  18:16  Battlecruiser  
  176  18:28  Missile Turret  
  176  18:48  Missile Turret  
  176  18:58  Battlecruiser  
  176  19:01  Battlecruiser  
  164  19:21  Battlecruiser  
  170  19:27  Terran Vehicle And Ship Armor Level 3  
  170  20:06  Battlecruiser  
  176  20:17  Refinery  
  176  20:18  Refinery  
  170  20:36  Command Center  
  170  21:14  Battlecruiser  
  170  21:16  Battlecruiser  
  72  22:43  Viking  
  74  22:45  Viking  
  76  23:13  Viking  
  77  23:43  Viking  
  79  23:49  Refinery  
  79  23:54  Refinery  
Show
View Real Time Build Order
Export as new Build Order

playezvibe Zerg - Winner!

Build Orders: Hatch First, Brood Lord Corruptor 

Get SALT Encoding   

  12  0:10  Drone  
  12  0:11  Drone  
  14  0:19  Extractor  
  13  0:24  Drone  
  14  0:30  Extractor  
  15  0:59  Hatchery  
  15  1:00  Spawning Pool  
  13  1:05  Overlord  
  13  1:21  Drone  
  14  1:29  Extractor  
  13  1:34  Drone x2  
  13  1:35  Drone  
  16  1:52  Queen  
  18  2:08  Drone x3  
  21  2:15  Overlord  
  21  2:31  Metabolic Boost  
  21  2:45  Queen  
  24  2:51  Zergling x6  
  26  3:12  Lair  
  26  3:18  Drone x3  
  26  3:19  Drone x3  
  32  3:26  Overlord  
  32  3:27  Overlord x2  
  32  3:51  Pneumatized Carapace  
  32  4:21  Drone x3  
  35  4:29  Drone x2  
  35  4:30  Drone  
  38  4:42  Drone x2  
  37  4:56  Overlord x2  
  37  5:09  Drone x4  
  41  5:17  Extractor  
  40  5:21  Hatchery  
  40  5:22  Extractor  
  38  5:41  Drone x3  
  41  5:50  Spire  
  40  6:00  Drone x2  
  40  6:01  Drone  
  43  6:15  Drone, Extractor  
  43  6:16  Drone x2  
  45  6:19  Queen  
  47  6:35  Drone x3  
  50  6:45  Drone x2  
  52  7:00  Infestation Pit  
  51  7:07  Extractor  
  50  7:11  Extractor  
  50  7:12  Drone x2  
  51  7:16  Queen  
  53  7:36  Drone  
  54  7:41  Drone x2  
  54  7:42  Drone x3  
  54  7:43  Drone  
  60  7:49  Overlord  
  60  7:50  Overlord x2  
  60  8:26  Mutalisk x2  
  60  8:27  Mutalisk x4  
  72  8:34  Zerg Flyer Weapons Level 1  
  72  8:40  Hive  
  72  8:43  Lair  
  72  8:48  Drone x3  
  73  8:49  Drone x3  
  78  9:42  Spire  
  78  9:43  Hive  
  77  9:47  Corruptor x3  
  77  9:48  Corruptor x6  
  77  9:49  Corruptor x3  
  101  10:00  Drone x3  
  101  10:01  Drone  
  101  10:05  Drone  
  106  10:14  Overlord x2  
  106  10:15  Overlord x2  
  106  10:24  Overlord x2  
  106  10:25  Overlord x2  
  106  10:47  Hatchery  
  105  11:04  Greater Spire  
  105  11:20  Hydralisk Den  
  105  11:22  Zerg Flyer Armor Level 1  
  104  11:50  Evolution Chamber  
  103  11:54  Evolution Chamber, Grooved Spines  
  103  12:01  Hydralisk x5  
  112  12:12  Drone x2  
  114  12:30  Hydralisk x5  
  114  12:31  Hydralisk x3  
  114  12:32  Hydralisk x5  
  114  12:33  Hydralisk x2  
  144  12:39  Zerg Missile Weapons Level 1  
  144  12:41  Zerg Ground Armor Level 1  
  144  12:42  Zerg Flyer Weapons Level 2  
  144  12:47  Brood Lord x4  
  144  12:48  Brood Lord x6  
  164  13:00  Extractor  
  164  13:04  Drone, Extractor  
  164  13:05  Drone x2  
  165  13:14  Hydralisk x2  
  165  13:15  Hydralisk x2  
  173  13:21  Hydralisk  
  173  13:24  Overlord  
  173  13:25  Overlord  
  175  13:42  Drone  
  175  13:43  Drone  
  175  13:45  Drone  
  178  13:52  Overlord x2  
  178  14:01  Brood Lord  
  180  14:03  Brood Lord  
  180  14:07  Zerg Flyer Armor Level 2  
  182  14:13  Hydralisk x2  
  182  14:14  Hydralisk x5  
  182  14:15  Hydralisk x2  
  200  14:32  Overlord x3  
  200  14:37  Overseer  
  200  14:41  Zerg Missile Weapons Level 2  
  140  15:14  Hydralisk x4  
  120  15:15  Hydralisk x5  
  134  15:24  Hydralisk  
  134  15:25  Hydralisk x2  
  132  15:36  Corruptor x3  
  134  15:44  Corruptor  
  134  15:45  Corruptor x2  
  122  15:52  Corruptor x2  
  122  15:53  Corruptor  
  124  16:06  Corruptor x3  
  117  16:24  Overlord  
  117  16:43  Overseer  
  117  16:48  Corruptor x2  
  117  16:49  Corruptor  
  123  17:13  Corruptor x2  
  122  17:28  Corruptor x3  
  124  17:48  Corruptor x3  
  130  17:56  Queen  
  130  17:58  Corruptor x3  
  138  18:08  Corruptor x2  
  138  18:09  Corruptor  
  144  18:16  Corruptor x2  
  144  18:17  Corruptor  
  150  18:24  Zerg Missile Weapons Level 3  
  150  18:27  Zerg Ground Armor Level 2  
  150  18:43  Drone  
  150  18:44  Drone x2  
  153  18:54  Zerg Flyer Weapons Level 3  
  145  19:43  Zerg Flyer Armor Level 3  
  145  19:49  Corruptor x3  
  151  19:55  Corruptor  
  151  19:56  Corruptor x2  
  157  20:07  Corruptor x3  
  156  20:47  Queen  
  158  20:51  Queen  
  160  21:06  Hatchery  
  159  21:21  Brood Lord x5  
  159  21:22  Brood Lord  
  171  21:26  Brood Lord  
Tags
 
League
Bronze
Matchup
TvZ
Spawn Locations
Cross Positions
Add a new tag
Caveats
  • Supply blocks, unpowered buildings, or Contaminate may cause inaccurate times.
  • Supply counts are checked every 10 seconds.